 Dungeon Crawl Stone Soup version 0.26-a0-412-ga3d1f51b80 (webtiles) character file.

Game seed: 2648131903445964501

153 ReteAZ the Sneak (level 5, -3/34 HPs)
             Began as an Octopode Brigand on July 24, 2020.
             Slain by a gnoll
             ... wielding a +3 spear
              (5 damage)
             ... on level 3 of the Dungeon.
             The game lasted 00:02:13 (1978 turns).

ReteAZ the Sneak (Octopode Brigand)                 Turns: 1978, Time: 00:02:13

Health: -3/34      AC:  1    Str: 11    XL:     5   Next: 35%
Magic:  5/5        EV: 13    Int: 13    God:
Gold:   100        SH:  0    Dex: 20    Spells: 4/4 levels left

rFire    . . .     SeeInvis .   a - +2 dagger
rCold    . . .     Faith    +   (no shield)
rNeg     . . .     Spirit   .   (helmet restricted)
rPois    .         Reflect  .   m - amulet of faith
rElec    .         Harm     .   i - +6 ring of dexterity
rCorr    +                      j - ring of resist corrosion
MR       .....                  (no ring)
Stlth    ++++......             (no ring)
HPRegen  0.11/turn              (no ring)
MPRegen  0.09/turn              (no ring)
                                (no ring)
                                (no ring)

@: no status effects
A: almost no armour, stealthy swim, amphibious, 8 rings, constrict 8, camouflage
1, gelatinous body 1
a: no special abilities


You were on level 3 of the Dungeon.
You visited 1 branch of the dungeon, and saw 3 of its levels.

You collected 100 gold pieces.

Inventory:

Hand Weapons
 a - a +2 dagger (weapon)
Missiles
 b - 25 poisoned darts (quivered)
 c - 2 curare-tipped darts
 n - 2 boomerangs
Jewellery
 i - a +6 ring of dexterity (left tentacle)
 j - a ring of resist corrosion (right tentacle)
 m - an amulet of faith (around mantle)
 s - a cursed ring of fire {unknown}
Scrolls
 f - 5 scrolls of remove curse {unknown}
 g - a scroll of amnesia {unknown}
 k - a scroll of identify {unknown}
 l - 2 scrolls of random uselessness {unknown}
 p - 2 scrolls of magic mapping {unknown}
 q - a scroll of immolation {unknown}
 r - a scroll of enchant armour {unknown}
Potions
 d - 2 potions of curing {unknown}
 e - a potion of brilliance {unknown}
 h - a potion of haste {unknown}
 o - a potion of heal wounds {unknown}
 t - 2 potions of flight {unknown}


   Skills:
 - Level 2.0 Fighting
 - Level 2.0 Short Blades
 - Level 2.0 Throwing
 - Level 1.0 Dodging
 - Level 5.3 Stealth
 + Level 4.8 Unarmed Combat


You had 4 spell levels left.
You didn't know any spells.
Your spell library was empty.

Dungeon Overview and Level Annotations

Branches:
Dungeon (3/15)

Altars:
Nemelex Xobeh
Trog


Innate Abilities, Weirdness & Mutations

You cannot wear most types of armour.
You are very stealthy in the water. (Stealth+)
You are amphibious.
You can wear up to eight rings at the same time.
You can use your tentacles to constrict eight enemies at once.
Your skin changes colour to match your surroundings (Stealth+).
Your rubbery body absorbs attacks. (AC +1, EV +1)


Message History

You are too injured to fight recklessly!
You are too injured to fight recklessly!
You are too injured to fight recklessly!
You are too injured to fight recklessly!
You are too injured to fight recklessly!
You are too injured to fight recklessly!
You hit the gnoll. Your grab misses the gnoll. You tentacle-slap the gnoll.
The gnoll is heavily wounded.
The gnoll hits you with a +3 spear.
* * * LOW HITPOINT WARNING * * *
You hit the gnoll. Your grab misses the gnoll.
The gnoll is heavily wounded.
You barely miss the gnoll. You grab the gnoll. You squeeze the gnoll.
The gnoll is almost dead.
You constrict the gnoll, but do no damage.
The gnoll barely misses you.
You hit the gnoll but do no damage.
The gnoll is almost dead.
You constrict the gnoll. The gnoll hits you with a +3 spear.
You die...

#.#.#....)# #.# ..........#
#.# #.........# #.#
###.###.#.# #†# #.###'#.#
#.##### #. #.......#
#...... ####. #####.....##
####### # .... .###)......#
##.## #.#...
.##@).......####...#
#........g.........+.......
.....#.##.........####...#
#..#g....##.......## ##..#
#.....<..###.....## ##.#
##.....#.# ##...## #..
###.#.# # #+## #.. #....
##. # #.# #.


You could see a gnoll.

Vanquished Creatures
  A hound skeleton (D:2)
  4 gnolls
  5 adders
  2 worms
  3 leopard geckos
  A giant cockroach (D:2)
  2 goblins
  9 hobgoblins
  3 jackals
  7 frilled lizards
  11 kobolds
  6 rats
54 creatures vanquished.

Notes
Turn   | Place    | Note
-------+----------+-------------------------------------------
     0 | D:1      | ReteAZ the Octopode Brigand began the quest for the Orb.
     0 | D:1      | Reached XP level 1. HP: 14/14 MP: 1/1
   166 | D:1      | Reached skill level 1 in Unarmed Combat
   322 | D:1      | Reached XP level 2. HP: 19/19 MP: 2/2
   868 | D:1      | Reached XP level 3. HP: 13/24 MP: 3/3
  1292 | D:2      | Reached XP level 4. HP: 29/29 MP: 4/4
  1328 | D:2      | Found a sparkling altar of Nemelex Xobeh.
  1444 | D:2      | Found a bloodstained altar of Trog.
  1761 | D:3      | Reached XP level 5. HP: 30/34 MP: 5/5
  1978 | D:3      | Slain by a gnoll

Illustrated notes

Levels and vault maps discovered:
D:1:      kennysheep_arrival_forest, layout_loops_ring, minmay_tetromino_i2
D:2:      layout_rooms, marbit_many_paths, lemuel_doored_altar
D:3:      layout_loops_corners, kb_xom_exploding_sheep

Skill      XL: |  1  2  3  4 |
---------------+-------------+-----
Unarmed Combat | 1 2 3 4 |  4.8
Fighting       | |  2.0
Short Blades   | |  2.0
Throwing       | |  2.0
Dodging        | |  1.0
Stealth        | |  5.3

Action                   |  1- 3 |  4- 6 || total
-------------------------+-------+-------++-------
Melee: Dagger            |    44 |    44 ||    88
       Constrict         |    10 |    12 ||    22
       Tentacles         |     7 |     8 ||    15
       Punch             |     1 |     2 ||     3
 Stab: Sleeping          |    15 |     7 ||    22
       Distracted        |     1 |     1 ||     2
Armor: Skin              |     1 |     2 ||     3
Dodge: Dodged            |    15 |    17 ||    32

Table legend: (Time is in decaauts)
 A = Elapsed time spent in this place.
 B = Non-inter-level travel time spent in this place.
 C = Inter-level travel time spent in this place.
 D = Time resting spent in this place.
 E = Time spent auto-exploring this place.
 F = Levels seen in this place.
 G = Mean time per level.
                   A        B        C        D        E       F      G
               +--------+--------+--------+--------+--------+-----+--------+
         Total |   1969 |   1921 |     48 |    204 |   1370 |   3 |  656.3 |
       Dungeon |   1969 |   1921 |     48 |    204 |   1370 |   3 |  656.3 |
               +--------+--------+--------+--------+--------+-----+--------+

Top non-repeatable levels by time:
     D:1: 1066 daAuts
     D:2: 653 daAuts
     D:3: 249 daAuts
